 Dungeon Sprint DCSS version 0.21-a0-460-g737a915 (webtiles) character file.

916 Kidiri the Fighter (level 7, -17/69 HPs)
             Began as a Purple Draconian Transmuter on Nov 20, 2017.
             Was a Believer of Sif Muna.
             Shot with an arrow by a centaur warrior (20 damage)
             ... in the Dungeon (Sprint I: "Red Sonja").
             The game lasted 00:05:57 (1517 turns).

Kidiri the Fighter (Purple Draconian Transmuter)    Turns: 1517, Time: 00:05:58

Health: -17/69     AC:  6    Str: 13    XL:     7   Next: 83%
Magic:  7/16       EV: 14    Int: 13    God:    Sif Muna [**....]
Gold:   405        SH:  0    Dex: 13    Spells: 3/18 levels left

rFire    . . .     SeeInvis .     - Unarmed
rCold    . . .     Gourm    .   (shield currently unavailable)
rNeg     . . .     Faith    .   (armour unavailable)
rPois    .         Spirit   .   (helmet restricted)
rElec    .         Reflect  .   (no cloak)
rCorr    .         Harm     .   (gloves currently unavailable)
MR       +....     NoTele   +   (no boots)
Stlth    +++.......             (no amulet)
HPRegen  0.21/turn              (no ring)
MPRegen  0.15/turn              (no ring)

@: short of breath, blade hands
A: breathe power, unfitting armour, cold-blooded, AC +6
a: Breathe Dispelling Energy, End Transformation, Divine Energy, Renounce
Religion


You were in the Dungeon.
You worshipped Sif Muna.
Sif Muna was pleased with you.
You were not hungry.
You had blades for hands.
You visited 1 branch You collected 405 gold pieces.

Inventory:

Missiles
 a - 6 arrows
Potions
 d - 3 potions of curing
 f - a potion of haste
 g - 2 potions of magic
Books
 b - a book of Changes

   Spells                             Type                      Level
   a - Beastly Appendage              Transmutation                1
   b - Sticks to Snakes               Transmutation                2
   c - Spider Form                    Transmutation/Poison         3
   d - Ice Form                       Ice/Transmutation            4
   e - Blade Hands                    Transmutation                5
Comestibles
 c - a bread ration
 j - a meat ration


   Skills:
 * Level 8.4 Fighting
 + Level 5.2 Dodging
 + Level 5.2 Stealth
 * Level 8.2 Unarmed Combat
 + Level 6.3 Spellcasting
 * Level 7.9 Transmutations
 + Level 3.6 Ice Magic
 + Level 4.3 Poison Magic


You had 3 spell levels left.
You knew the following spells:

 Your Spells              Type           Power        Failure   Level  Hunger
a - Beastly Appendage     Tmut           ###...       13%         1    None
b - Sticks to Snakes      Tmut           ###.....     14%         2    #......
c - Spider Form           Tmut/Pois      ###.......   30%         3    ###....
d - Ice Form              Ice/Tmut       ###.....     56%         4    ####...
e - Blade Hands           Tmut           ###.......   58%         5    ######.


Dungeon Overview and Level Annotations

Branches:
Dungeon (1/1)

Altars:
Cheibriados
Dithmenos
Elyvilon
Fedhas
Gozag
Hepliaklqana
Kikubaaqudgha
Makhleb
Nemelex Xobeh
Okawaru
Qazlal
Ru
Sif Muna
Trog
Uskayaw
Vehumet
Wu Jian
Xom
Yredelemnul
Zin
The Shining One
Jiyva
Lugonu

Shops:
D (

Annotations:
D exclusion: 2 doors


Innate Abilities, Weirdness & Mutations

You can breathe bolts of dispelling energy.
Your rich purple scales are hard. (AC +6)
You cannot fit into any form of body armour.
You are cold-blooded and may be slowed by cold attacks.


Message History

The centaur warrior is lightly wounded.
The centaur warrior unwields an uncursed longbow.
The centaur warrior hits you!
You hit the centaur warrior but do no damage.
The centaur warrior is lightly wounded.
The centaur warrior wields a glowing shortbow.
It bursts into flame!
The centaur warrior shoots an arrow.
The arrow hits you!!
* * * LOW HITPOINT WARNING * * *
The arrow burns you.
* * * LOW HITPOINT WARNING * * *
Press: ? - help, Shift-Dir - straight line, f - centaur warrior
Aim: a centaur warrior, wielding a shortbow of flaming You breathe a bolt of dispelling energy.
The bolt of dispelling energy hits the centaur warrior.
The centaur warrior is lightly wounded.
The bolt of dispelling energy misses the orange demon.
You feel somewhat more hungry. The centaur warrior hits you!
* * * LOW HITPOINT WARNING * * *
The centaur warrior shoots an arrow.
The arrow hits you!!
You die...

##########################
#<.#..+).#..+(.#__#..+ss.#
#..+[.#..+).#c@+..+..#)..#
#..#####+#####'#__####...'s.#
#..####..#...#c#### ####s.+
#..#__####..##4# ##
#..#_____##+#_.K§§§
#⌠⌠#_.∩...+..._#≈K≈..#
####_..__##_.#'##§####
#_____###+#.# .$! ####### ###
###


You could see 2 centaur warriors, an orange demon and a kobold demonologist.

Vanquished Creatures
  A kobold demonologist (D)
  A slime creature (D)
  A yak (D)
  A floating eye (D)
  An ogre (D)
  A jelly (D)
  Ijyb (D)
7 creatures vanquished.

Vanquished Creatures (collateral kills)
  Sigmund (D)
1 creature vanquished.

Vanquished Creatures (others)
  A gargoyle (D)
1 creature vanquished.

Grand Total: 9 creatures vanquished

Notes
Turn   | Place    | Note
-------+----------+-------------------------------------------
     0 | D        | Kidiri the Draconian Transmuter began the quest for the Orb.
     0 | D        | Reached XP level 1. HP: 16/16 MP: 3/3
     3 | D        | Noticed Ijyb
    47 | D        | Killed Ijyb
    47 | D        | Reached skill level 1 in Stealth
    47 | D        | Reached XP level 2. HP: 26/26 MP: 2/5
    97 | D        | Learned a level 2 spell: Sticks to Snakes
   101 | D        | Noticed an ogre
   110 | D        | Killed an ogre
   110 | D        | Reached skill level 5 in Unarmed Combat
   110 | D        | Reached XP level 3. HP: 6/34 MP: 1/7
   110 | D        | Reached XP level 4. HP: 8/41 MP: 1/8
   132 | D        | Learned a level 3 spell: Spider Form
   408 | D        | Killed a gargoyle
   551 | D        | Noticed Sigmund
   557 | D        | Killed Sigmund
   557 | D        | Reached skill level 5 in Fighting
   557 | D        | Reached skill level 5 in Transmutations
   557 | D        | Reached XP level 5. HP: 43/50 MP: 2/10
   629 | D        | Learned a level 4 spell: Ice Form
   631 | D        | Found an ornate altar of the Wu Jian Council.
   631 | D        | Found a deep blue altar of Sif Muna.
   633 | D        | Found a radiant altar of Vehumet.
   643 | D        | Became a worshipper of Sif Muna the Loreminder
   680 | D        | Found Siekk's Weapon Emporium.
   680 | D        | Found an ancient bone altar of Kikubaaqudgha.
   680 | D        | Found a hazy altar of Hepliaklqana.
   680 | D        | Found a stormy altar of Qazlal.
   680 | D        | Found a hide-covered altar of Uskayaw.
   680 | D        | Found a blossoming altar of Fedhas.
   680 | D        | Found a bloodstained altar of Trog.
   680 | D        | Found an iron altar of Okawaru.
   680 | D        | Found a basalt altar of Yredelemnul.
   680 | D        | Found a glowing golden altar of the Shining One.
   680 | D        | Found a snail-covered altar of Cheibriados.
   680 | D        | Found a sacrificial altar of Ru.
   680 | D        | Found a glowing silver altar of Zin.
   680 | D        | Found a shadowy altar of Dithmenos.
   680 | D        | Found a white marble altar of Elyvilon.
   680 | D        | Noticed a yak
   686 | D        | Killed a yak
   686 | D        | Reached XP level 6. HP: 37/58 MP: 7/12
   688 | D        | Found an opulent altar of Gozag.
   689 | D        | Found a sparkling altar of Nemelex Xobeh.
   841 | D        | Found a burning altar of Makhleb.
   841 | D        | Found a viscous altar of Jiyva.
   841 | D        | Found a shimmering altar of Xom.
   841 | D        | Found a corrupted altar of Lugonu.
   841 | D        | Noticed a slime creature
   846 | D        | Killed a slime creature
   846 | D        | Reached * piety under Sif Muna
   846 | D        | Your scales start taking on a rich purple colour.
   846 | D        | Reached skill level 5 in Spellcasting
   846 | D        | Reached XP level 7. HP: 52/66 MP: 9/15
   864 | D        | Learned a level 5 spell: Blade Hands
   996 | D        | Noticed a kobold demonologist
   997 | D        | Noticed an orange demon
   997 | D        | Noticed a kobold demonologist
   999 | D        | Noticed a smoke demon
  1000 | D        | Noticed a rust devil
  1003 | D        | Killed a kobold demonologist
  1003 | D        | Reached ** piety under Sif Muna
  1003 | D        | Reached skill level 5 in Dodging
  1003 | D        | Reached skill level 5 in Stealth
  1043 | D        | HP: 2/69 [white imp/puff of frost[a kobold demonologist] (11)]
  1491 | D        | Noticed a demonic crawler
  1491 | D        | Noticed a demonic crawler
  1491 | D        | Noticed a demonic crawler
  1491 | D        | Noticed a demonic crawler
  1508 | D        | Noticed an orange demon
  1508 | D        | Noticed a centaur warrior
  1511 | D        | Noticed a centaur warrior
  1517 | D        | HP: 3/69 [centaur warrior (14)]
  1517 | D        | Shot with an arrow by a centaur warrior

Vault maps used:
D:        dungeon_sprint_1

Skill      XL: |  1  2  3  4  5  6  7 |
---------------+----------------------+-----
Fighting       | 3 4 5 6 7 8 |  8.4
Dodging        | 2 3 4 5 |  5.2
Stealth        | 1 2 3 4 5 |  5.2
Unarmed Combat | 4 5 6 7 8 |  8.2
Transmutations | 3 4 5 6 7 |  7.9
Spellcasting   | 3 4 5 6 |  6.3
Poison Magic   | 2 3 4 |  4.3
Ice Magic      | 2 3 |  3.6

Action                   |  1- 3 |  4- 6 |  7- 9 || total
-------------------------+-------+-------+-------++-------
Melee: Unarmed           |    43 |    13 |    11 ||    67
       Headbutt          |     3 |       |       ||     3
       Tailslap          |     3 |       |       ||     3
       Kick              |     3 |       |       ||     3
       Punch             |       |       |     1 ||     1
 Cast: Beastly Appendage |     4 |       |       ||     4
       Sticks to Snakes  |     2 |     4 |       ||     6
       Spider Form       |       |     1 |       ||     1
       Ice Form          |       |     3 |       ||     3
       Blade Hands       |       |       |     3 ||     3
 Abil: Breathe Dispellin |       |       |     2 ||     2
  Use: Potion            |     2 |       |     1 ||     3
       Scroll            |       |       |     1 ||     1
 Stab: Sleeping          |       |     1 |       ||     1
  Eat: Chunk             |       |     1 |       ||     1
       Meat ration       |       |       |     1 ||     1
Armor: Skin              |     5 |       |     4 ||     9
Dodge: Dodged            |    27 |     4 |    14 ||    45

Table legend:
 A = Spawn XP
 B = Non-spawn XP
 C = Spawn XP percentage of total XP
 D = Spawn monster count
 E = Non-spawn monster count
 F = Spawn count percentage of total count
 G = Total turns spent on level
                    A         B        C        D         E        F      G
               +---------+---------+-------+---------+---------+-------+---------
         Total |       0 |    1309 |   0.0 |       0 |       8 |   0.0 |  1517
               +---------+---------+-------+---------+---------+-------+---------
             D |       0 |    1309 |   0.0 |       0 |       8 |   0.0 |  1517
               +---------+---------+-------+---------+---------+-------+---------
